 Dungeon Crawl Stone Soup version 0.30-a0-737-gf23d94013f (webtiles) character file.

Game seed: 1136526457265487167

104 Newt the Trooper (level 4, -1/36 (37) HPs)
             Began as a Demonspawn Gladiator on Feb 1, 2023.
             Killed from afar by an orc wizard (9 damage)
             ... with a puff of flame
             ... on level 3 of the Dungeon.
             The game lasted 00:02:27 (1995 turns).

Newt the Trooper (Demonspawn Gladiator)             Turns: 1995, Time: 00:02:27

HP:   -1/36 (37)    AC:  5    Str: 16    XL:     4   Next: 52%
MP:   4/4           EV: 12    Int: 10    God:
Gold: 139           SH:  0    Dex: 14    Spells: 3/3 levels left

rFire   . . .      SeeInvis .    t - +0 flail (drain)
rCold   . . .      Faith    .    (no shield)
rNeg    . . .      Spirit   .    b - +1 leather armour
rPois   +          Reflect  .    (helmet restricted)
rElec   .          Harm     .    o - +0 cloak
rCorr   +          Rampage  .    (no gloves)
Will    .....                    (no boots)
Stlth   ++                       (no amulet)
HPRegen 0.26/turn                h - ring of poison resistance
MPRegen 0.09/turn                r - ring of resist corrosion

@: lightly drained
A: horns 1, powered by pain 1, weakness stinger 1
a: no special abilities


You were on level 3 of the Dungeon.
You visited 1 branch of the dungeon, and saw 3 of its levels.

You collected 139 gold pieces.

Inventory:

Hand Weapons
 a - a +0 rapier
 t - a +0 flail of draining (weapon)
Missiles
 d - 3 throwing nets (quivered)
 e - a javelin
 k - 3 poisoned darts
 l - 16 stones
Armour
 b - a +1 leather armour (worn)
 c - a +0 helmet
 o - a +0 cloak (worn)
Jewellery
 h - a ring of poison resistance (left hand)
 r - a ring of resist corrosion (right hand)
Scrolls
 g - a scroll of amnesia
 i - a scroll of poison
 n - a scroll of enchant weapon
 p - 2 scrolls of teleportation
 s - a scroll of enchant armour
Potions
 f - 3 potions of curing
 j - a potion of ambrosia
 m - a potion of flight {unknown}
 q - a potion of invisibility {unknown}


   Skills:
 - Level 4.0 Fighting
 - Level 3.0 Short Blades
 + Level 0.7 Maces & Flails
 - Level 1.7 Throwing
 - Level 2.6 Dodging
 - Level 1.5 Stealth


You had 3 spell levels left.
You didn't know any spells.
Your spell library contained the following spells:

 Spells                   Type           Power      Damage    Failure   Level
 Necrotise                Necr           0%         1d4       43%         1
 Ensorcelled Hibernation  Hex/Ice        0%         N/A       56%         2
 Passwall                 Tmut/Erth      0%         N/A       56%         2
 Dazzling Flash           Conj/Hex       0%         N/A       80%         3
 Swiftness                Air            0%         N/A       80%         3
 Vampiric Draining        Necr           0%         2d6       80%         3
 Agony                    Necr           0%         N/A       100%        5
 Silence                  Hex/Air        0%         N/A       100%        5


Dungeon Overview and Level Annotations

Branches:
Dungeon (3/15)

Altars:
Kikubaaqudgha


Innate Abilities, Weirdness & Mutations

You have a pair of small horns on your head.
You sometimes gain a little power by taking damage.
You have a small tail.


Message History

You bump into the rock wall.
The orc wizard hits you but does no damage.
You're too confused to move!
The orc wizard hits you with a +0 dagger.
You miss the orc wizard.
Your tail-slap misses the orc wizard.
The orc wizard closely misses you.
The orc wizard attacks as you move away!
The orc wizard barely misses you.
Things that are here:
a +0 short sword; a +0 leather armour You're too confused to move!
The orc wizard hits you but does no damage.
You bump into the rock wall.
The orc wizard completely misses you.
You bump into the rock wall.
The orc wizard hits you with a +0 dagger.
You bump into the rock wall.
The orc wizard hits you but does no damage.
You barely miss the orc wizard.
Your tail-slap misses the orc wizard.
The orc wizard misses you. The orc wizard barely misses you.
You bump into the rock wall.
You feel less confused.
The orc wizard hits you with a +0 dagger.
You barely miss the orc wizard.
The orc wizard mumbles some strange words.
The orc wizard flickers and vanishes!
Deactivating autopickup; reactivate with Ctrl-A.
You completely miss something. Your headbutt misses something.
Something hits you but does no damage.
You hit something. Something hits you but does no damage.
You hear some strange, mumbled words.
A magic dart appears from out of thin air!
The magic dart hits you!
You closely miss something. Something hits you.
* * * LOW HITPOINT WARNING * * *
You hit something.
Your tail-slap misses something.
Something hits you but does no damage.
You hear some strange, mumbled words.
A puff of flame appears from out of thin air!
The puff of flame hits you!
You die...

...# #.# ...# #.# ..### #.#
.g#.# #.# #o#.#######.#
#o#.........# #{#.#########
#)#.# #@#.# #### #(#.# ...#
#.#.# ...#.#.#.#
#########..#.#.#.#
...#...#..#.#.#.#
#####.#.#.#..#.#.#.#############
..........#..#.#.#.............#
#####.#.###..#.#.#############.#


You could see 2 orcs and a goblin.

Vanquished Creatures
  3 adders
  2 dart slugs
  4 orcs (D:3)
  4 ball pythons
  3 endoplasms
  4 giant cockroaches
  3 goblins
  10 hobgoblins
  7 jackals
  4 quokkas
  7 bats
  3 frilled lizards
  5 kobolds
  3 rats
62 creatures vanquished.

Notes
Turn   | Place    | Note
-------+----------+-------------------------------------------
     0 | D:1      | Newt the Demonspawn Gladiator began the quest for the Orb.
     0 | D:1      | Reached XP level 1. HP: 16/16 MP: 1/1
    42 | D:1      | Reached skill level 1 in Stealth
    96 | D:1      | Discovered your monstrous ancestry.
    96 | D:1      | Gained mutation: You have a small tail. [demonic ancestry]
    96 | D:1      | Reached XP level 2. HP: 19/22 MP: 2/2
   451 | D:1      | Reached skill level 3 in Fighting
   514 | D:1      | Gained mutation: You sometimes gain a little power by
                  | taking damage. [demonic ancestry]
   514 | D:1      | Reached XP level 3. HP: 29/29 MP: 3/3
  1065 | D:2      | Found an ancient bone altar of Kikubaaqudgha.
  1395 | D:3      | Gained mutation: You have a pair of small horns on your
                  | head. [demonic ancestry]
  1395 | D:3      | Reached XP level 4. HP: 36/37 MP: 4/4
  1503 | D:3      | Reached skill level 4 in Fighting
  1995 | D:3      | Killed from afar by an orc wizard

Illustrated notes

Levels and vault maps discovered:
D:1:      ncdulo_wetmaze, layout_rooms, minmay_curled_crystal
D:2:      layout_rooms, basic_altar, minmay_misc_feat_diagonals
D:3:      layout_basic, minitemple, ebering_ghost_reflecting_pool

Skill      XL: |  1  2  3  4 |
---------------+-------------+-----
Stealth        | 1 |  1.5
Fighting       | 3 4 |  4.0
Short Blades   | 3 |  3.0
Maces & Flails | |  0.7
Throwing       | |  1.7
Dodging        | |  2.6

Action                     |  1- 3 |  4- 6 || total
---------------------------+-------+-------++-------
  Melee: Rapier            |   157 |    44 ||   201
         Tailslap          |    13 |     4 ||    17
         Punch             |     1 |     1 ||     2
         Flail             |       |    20 ||    20
         Headbutt          |       |    11 ||    11
    Use: Scroll            |     7 |     2 ||     9
   Stab: Sleeping          |     3 |     1 ||     4
 Armour: Leather armour    |    69 |    28 ||    97
  Dodge: Dodged            |   156 |    29 ||   185

Table legend: (Time is in decaauts)
 A = Elapsed time spent in this place.
 B = Non-inter-level travel time spent in this place.
 C = Inter-level travel time spent in this place.
 D = Time resting spent in this place.
 E = Time spent auto-exploring this place.
 F = Levels seen in this place.
 G = Mean time per level.
                   A        B        C        D        E       F      G
               +--------+--------+--------+--------+--------+-----+--------+
         Total |   2037 |   1985 |     52 |    110 |   1397 |   3 |  679.0 |
       Dungeon |   2037 |   1985 |     52 |    110 |   1397 |   3 |  679.0 |
               +--------+--------+--------+--------+--------+-----+--------+

Top non-repeatable levels by time:
     D:1: 844 daAuts
     D:3: 622 daAuts
     D:2: 570 daAuts
